 Dungeon Crawl Stone Soup version 0.27.1-3-gb3d3a73c9e (webtiles) character file.

Game seed: 995721057317903914

20 horus123 the Ducker (level 2, 0/16 HPs)
             Began as a Deep Elf Gladiator on Oct 29, 2021.
             Succumbed to an adder's poison
             ... on level 2 of the Dungeon.
             The game lasted 00:01:02 (499 turns).

horus123 the Ducker (Deep Elf Gladiator)             Turns: 499, Time: 00:01:03

Health: 0/16       AC:  4    Str: 11    XL:     2   Next: 58%
Magic:  4/4        EV: 13    Int: 12    God:
Gold:   11         SH:  0    Dex: 16    Spells: 1/1 levels left

rFire    . . .     SeeInvis .   a - +0 long sword
rCold    . . .     Faith    .   (no shield)
rNeg     . . .     Spirit   .   b - +0 leather armour
rPois    .         Reflect  .   c - +0 helmet
rElec    .         Harm     .   (no cloak)
rCorr    .         Rampage  .   (no gloves)
Will     .....                  (no boots)
Stlth    +.........             (no amulet)
HPRegen  0.05/turn              (no ring)
MPRegen  0.09/turn              (no ring)

@: lethally poisoned (0 -> -3)
A: no striking features
a: no special abilities


You were on level 2 of the Dungeon.
You visited 1 branch of the dungeon, and saw 2 of its levels.

You collected 11 gold pieces.

Inventory:

Hand Weapons
 a - a +0 long sword (weapon)
 e - a +1 dagger of protection
Missiles
 d - 2 throwing nets (quivered)
Armour
 b - a +0 leather armour (worn)
 c - a +0 helmet (worn)
Scrolls
 f - a scroll of identify {unknown}


   Skills:
 + Level 1.6 Fighting
 + Level 3.1 Long Blades
 + Level 2.0 Throwing
 + Level 0.1 Armour
 * Level 4.2 Dodging
 + Level 0.1 Stealth


You had one spell level left.
You didn't know any spells.
Your spell library was empty.

Dungeon Overview and Level Annotations

Branches:
Dungeon (1/15)

Altars:


Message History

You slash the kobold!
You kill the kobold!
Items here: ( ))) †.
Things that are here:
a +1 dagger of protection; a goblin corpse
e - a +1 dagger of protection You see here a goblin corpse.
You fall into a shaft and drop 1 floor!
The shaft crumbles and collapses.
A bat comes into view.
Found a scroll labelled COLEGO OTUPA.
The helpless bat fails to defend itself.
You slash the bat!
You kill the bat!
f - a scroll labelled COLEGO OTUPA
Found a scroll labelled COLEGO OTUPA.
An adder comes into view.
The adder hisses angrily.
Found a stone staircase leading down.
The adder barely misses you. The adder bites you.
You are poisoned.
The adder poisons you!
You feel sick. The adder bites you but does no damage.
You miss the adder.
You feel sick. The adder bites you.
You hit the adder.
The adder is heavily wounded.
You feel sick. The adder barely misses you.
The adder bites you but does no damage.
You hit the adder.
The adder is almost dead.
You feel sick. The adder bites you.
* * * LOW HITPOINT WARNING * * *
You are lethally poisoned!
The adder poisons you! The adder bites you but does no damage.
You hit the adder.
You kill the adder!
* * * LOW HITPOINT WARNING * * *
You feel sick.
You aren't carrying any potions.
You die...

#### ...
#############.# #
#.............##.#
#................#
#................#
##########..#.#..#
........@....>#
#+###...........
.....#....#####
...........#
..........?..
.....#........
.....#....##...
.... .....# ...


There were no monsters in sight!

Vanquished Creatures
  An adder (D:2)
  An endoplasm (D:1)
  A goblin (D:1)
  A quokka (D:1)
  A bat (D:2)
  5 kobolds (D:1)
  2 rats (D:1)
12 creatures vanquished.

Notes
Turn   | Place    | Note
-------+----------+-------------------------------------------
     0 | D:1      | horus123 the Deep Elf Gladiator began the quest for the
                  | Orb.
     0 | D:1      | Reached XP level 1. HP: 12/12 MP: 3/3
   389 | D:1      | Reached skill level 4 in Dodging
   389 | D:1      | Reached XP level 2. HP: 11/16 MP: 4/4
   483 | D:1      | You fall into a shaft and drop 1 floor!
   499 | D:2      | Succumbed to an adder's poison

Illustrated notes

Levels and vault maps discovered:
D:1:      shiori_arrival_whats_in_store_for_you, layout_loops_ring
D:2:      layout_basic

Skill      XL: |  1 |
---------------+----+-----
Long Blades    | 3 |  3.1
Dodging        | 4 |  4.2
Fighting       | |  1.6
Throwing       | |  2.0
Armour         | |  0.1
Stealth        | |  0.1

Action                   || total
-------------------------++-------
Melee: Long sword        ||    23
Throw: Throwing net      ||     1
  Use: Potion            ||     1
 Stab: Sleeping          ||     2
Armor: Leather armour    ||     9
Dodge: Dodged            ||    12
       Rpst.: Long sword ||     5
